 Dungeon Crawl Stone Soup version 0.26-a0-858-gbf766624f9 (webtiles) character file.

Game seed: 17113247089000815810

570248 robertstho the Conqueror (level 25, -6/257 HPs)
             Began as a Minotaur Fighter on Nov 23, 2020.
             Was an Initiate of Gozag.
             Mangled by an Ice Fiend (48 damage)
             ... created by a Zot trap
             ... on level 1 of the Tomb of the Ancients on Nov 24, 2020.
             The game lasted 01:49:08 (55956 turns).

robertstho the Conqueror (Minotaur Fighter)        Turns: 55956, Time: 01:49:09

Health: -6/257     AC: 32    Str: 27      XL:     25   Next: 6%
Magic:  0/19       EV: 12    Int:  5      God:    Gozag
Gold:   19030      SH: 19    Dex: 16 (18) Spells: 24/24 levels left

rFire    + . .     SeeInvis +   a - +10 broad axe of Saltpetre {freeze, Dex+3 Stlth+}
rCold    . . .     Faith    .   y - +2 kite shield {reflect}
rNeg     + + +     Spirit   +   f - +2 plate armour {rN+}
rPois    +         Reflect  +   x - +1 hat
rElec    .         Harm     .   L - +0 cloak of Ojenujuk {+Blink rN+ Dex-3 Slay+3}
rCorr    .         Rampage  .   m - +3 pair of gauntlets of War {Slay+5}
MR       +....                  Q - +1 pair of boots "Qaxu" {Regen+ Dex+5}
Stlth    ..........             S - amulet "Qytsock" {Spirit rF+ rN+ Dex+2 Slay+3}
HPRegen  0.00/turn              u - ring of Noiz {rPois Str-5 Slay+3 SInv}
MPRegen  0.16/turn              T - +4 ring of protection

@: lethally poisoned (-6 -> -28), gold aura, non-regenerating, diseased, slowed,
very slow
A: retaliatory headbutt, horns 2, deformed body, low mp 1, subdued magic 1
}: 4/15 runes: barnacled, silver, abyssal, gossamer
a: Potion Petition, Call Merchant, Bribe Branch, Renounce Religion, Evoke Blink


You were on level 1 of the Tomb of the Ancients.
You worshipped Gozag.
Gozag was extremely pleased with you.
You visited 9 branches of the dungeon, and saw 43 of its levels.
You visited the Abyss 3 times.
You also visited: Volcano and Wizlab.

You collected 28486 gold pieces.
You spent 5066 gold pieces at shops.
You paid 4390 gold pieces to Gozag.

Inventory:

Hand Weapons
 a - the +10 broad axe of Saltpetre (weapon) {freeze, Dex+3 Stlth+}
   (You acquired it on level 14 of the Dungeon)

   It has been specially enchanted to freeze those struck by it, causing extra
   injury to most foes and up to half again as much damage against particularly
   susceptible opponents.
   It can also slow down cold-blooded creatures.
   It affects your dexterity (+3).
   It makes you more stealthy.
 d - the +4 war axe "Dihebliage" {vorpal, *Rage rPois rF+ Dex+5}
   (You found it on level 4 of the Dungeon)

   It inflicts extra damage upon your enemies.
   It affects your dexterity (+5).
   It protects you from fire.
   It protects you from poison.
   It may make you go berserk in combat.
 g - the +11 battleaxe of Prudence {freeze, rC+ Str+2 Stlth+}
   (You found it on level 1 of the Shoals)

   It has been specially enchanted to freeze those struck by it, causing extra
   injury to most foes and up to half again as much damage against particularly
   susceptible opponents.
   It can also slow down cold-blooded creatures.
   It affects your strength (+2).
   It protects you from cold.
   It makes you more stealthy.
Armour
 c - a +7 plate armour of ponderousness
 f - a +2 plate armour of positive energy (worn)
 m - the +3 pair of gauntlets of War (worn) {Slay+5}
   (You acquired it on level 1 of the Shoals)

   It affects your accuracy and damage with ranged weapons and melee attacks
   (+5).
 x - a +1 hat (worn)
 y - a +2 kite shield of reflection (worn)
 L - the +0 cloak of Ojenujuk (worn) {+Blink rN+ Dex-3 Slay+3}
   (You bought it in a shop on level 15 of the Dungeon)

   It affects your dexterity (-3).
   It affects your accuracy and damage with ranged weapons and melee attacks
   (+3).
   It protects you from negative energy.
   It lets you blink.
 N - a +1 plate armour of cold resistance
 Q - the +1 pair of boots "Qaxu" (worn) {Regen+ Dex+5}
   (You found it on level 1 of the Elven Halls)

   It affects your dexterity (+5).
   It increases your rate of regeneration.
Jewellery
 u - the ring of Noiz (left hand) {rPois Str-5 Slay+3 SInv}
   (You bought it in a shop on level 7 of the Dungeon)

   [ring of see invisible]

   It affects your strength (-5).
   It affects your accuracy and damage with ranged weapons and melee attacks
   (+3).
   It protects you from poison.
   It lets you see invisible.
 v - a +4 ring of slaying
 E - an uncursed ring of resist corrosion
 F - the amulet "Johy Ora" {Reflect +Fly rC- Int-2 SH+5 Stlth+}
   (You took it off a deep elf death mage on level 3 of the Elven Halls)

   [amulet of reflection]

   It shields you and reflects attacks.
   It affects your intelligence (-2).
   It makes you vulnerable to cold.
   It lets you fly.
   It affects your SH (+5).
   It makes you more stealthy.
 G - an uncursed ring of ice
 M - the amulet of the Air {Inacc +Fly rElec EV+5 RMsl}
   (You found it on level 3 of the Elven Halls)

   [amulet of inaccuracy]

   It reduces the accuracy of all your attacks.
   It affects your evasion (+5).
   It insulates you from electricity.
   It lets you fly.
   It protects you from missiles.
 O - an uncursed ring of flight
 P - an uncursed ring of protection from magic
 S - the amulet "Qytsock" (around neck) {Spirit rF+ rN+ Dex+2 Slay+3}
   (You found it on level 11 of the Dungeon)

   [amulet of guardian spirit]

   It causes incoming damage to be split between your health and magic.
   It affects your dexterity (+2).
   It affects your accuracy and damage with ranged weapons and melee attacks
   (+3).
   It protects you from fire.
   It protects you from negative energy.
 T - a +4 ring of protection (right hand)
Wands
 b - a wand of acid (32)
 i - a wand of iceblast (9)
 D - a wand of disintegration (43)
 W - a wand of digging (20)
Scrolls
 h - 17 scrolls of remove curse
 j - 11 scrolls of enchant weapon
 n - 25 scrolls of teleportation
 o - 9 scrolls of fear
 p - 8 scrolls of blinking
 q - 15 scrolls of enchant armour
 r - 7 scrolls of magic mapping
 s - 5 scrolls of immolation
 w - 15 scrolls of fog
 z - a scroll of summoning
 H - 5 scrolls of holy word
 R - 9 scrolls of silence
 V - 14 scrolls of identify
Potions
 e - 5 potions of berserk rage
 k - 10 potions of ambrosia
 l - 7 potions of magic
 t - 21 potions of curing
 A - 6 potions of flight
 B - 12 potions of mutation
 J - 6 potions of might
 K - 8 potions of haste
 X - 4 potions of resistance
 Y - a potion of invisibility
 Z - 2 potions of heal wounds
Miscellaneous
 C - a condenser vane (inert)
 I - a tin of tremorstones (2/2)
 U - a phantom mirror (inert)


   Skills:
 O Level 27 Fighting
 + Level 26.1 Axes
 * Level 23.5 Armour
 + Level 6.1 Dodging
 + Level 7.4 Stealth
 + Level 21.7 Shields
 + Level 1.1 Evocations


You had 24 spell levels left.
You didn't know any spells.
Your spell library contained the following spells:

 Spells                   Type           Power        Failure   Level
 Beastly Appendage        Tmut           #.....       88%         1
 Corona                   Hex            #......      88%         1
 Foxfire                  Conj/Fire      #...         88%         1
 Magic Dart               Conj           #...         88%         1
 Sandblast                Erth           #.....       88%         1
 Sting                    Tmut/Pois      #...         88%         1
 Blink                    Tloc           N/A          96%         2
 Call Imp                 Summ           #.......     96%         2
 Corpse Rot               Necr/Air       N/A          96%         2
 Ensorcelled Hibernation  Hex/Ice        #.....       96%         2
 Passwall                 Tmut/Erth      #.......     96%         2
 Poisonous Vapours        Pois/Air       #.....       96%         2
 Searing Ray              Conj           #.....       96%         2
 Slow                     Hex            #.......     96%         2
 Sublimation of Blood     Necr           #.........   96%         2
 Swiftness                Air            #.......     96%         2
 Wereblood                Tmut           #.......     96%         2
 Confusing Touch          Hex            #.......     99%         3
 Conjure Flame            Conj/Fire      #.......     99%         3
 Dazzling Flash           Conj/Hex       #.....       99%         3
 Gell's Gravitas          Tloc           #.........   99%         3
 Ignite Poison            Fire/Tmut/Pois #.......     99%         3
 Inner Flame              Hex/Fire       #.......     99%         3
 Mephitic Cloud           Conj/Pois/Air  #.......     99%         3
 Portal Projectile        Hex/Tloc       #.....       99%         3
 Spider Form              Tmut/Pois      #.........   99%         3
 Stone Arrow              Conj/Erth      #.....       99%         3
 Vampiric Draining        Necr           #.........   99%         3
 Animate Dead             Necr           #.........   100%        4
 Cause Fear               Hex            #.........   100%        4
 Dispel Undead            Necr           #.......     100%        4
 Fulminant Prism          Conj/Hex       #.........   100%        4
 Ice Form                 Ice/Tmut       #.......     100%        4
 Iskenderun's Mystic Bla  Conj/Tloc      #.......     100%        4
 Leda's Liquefaction      Hex/Erth       #.........   100%        4
 Olgreb's Toxic Radiance  Pois           #.......     100%        4
 Petrify                  Tmut/Erth      #.......     100%        4
 Sticky Flame             Conj/Fire      #.......     100%        4
 Summon Lightning Spire   Summ/Air       #.......     100%        4
 Agony                    Necr           #.......     100%        5
 Blade Hands              Tmut           #.........   100%        5
 Excruciating Wounds      Necr           #.........   100%        5
 Fireball                 Conj/Fire      #.........   100%        5
 Irradiate                Conj/Tmut      #.........   100%        5
 Lee's Rapid Deconstruct  Erth           #.........   100%        5
 Metabolic Englaciation   Hex/Ice        #.........   100%        5
 Silence                  Hex/Air        #.........   100%        5
 Summon Forest            Summ/Tloc      #.........   100%        5
 Yara's Violent Unravell  Hex/Tmut       #.........   100%        5
 Conjure Ball Lightning   Conj/Air       #.........   100%        6
 Eringya's Noxious Bog    Tmut/Pois      #.........   100%        6
 Hydra Form               Tmut           #.........   100%        6
 Ozocubu's Refrigeration  Ice            #.........   100%        6
 Simulacrum               Ice/Necr       #.........   100%        6
 Starburst                Conj/Fire      #.........   100%        6
 Statue Form              Tmut/Erth      #........    100%        6
 Dragon Form              Tmut           #.........   100%        7
 Haunt                    Necr/Summ      #.........   100%        7
 Summon Hydra             Summ           #.........   100%        7
 Borgnjor's Revivificati  Necr           #.........   100%        8
 Chain Lightning          Conj/Air       #.........   100%        8
 Discord                  Hex            #.........   100%        8
 Infestation              Necr           #.........   100%        8
 Lehudib's Crystal Spear  Conj/Erth      #.........   100%        8
 Necromutation            Tmut/Necr      #.........   100%        8
 Absolute Zero            Ice            #.........   100%        9
 Death's Door             Necr           #.........   100%        9
 Fire Storm               Conj/Fire      #.........   100%        9
 Tornado                  Air            #.........   100%        9


Dungeon Overview and Level Annotations

Branches:
Dungeon (15/15)            Temple (0/1) D:7            Lair (6/6) D:10
 Shoals (4/4) Lair:3       Spider (4/4) Lair:2        Slime (0/5) Lair:5
    Orc (2/2) D:11            Elf (3/3) Orc:2        Vaults (5/5) D:13
  Crypt (3/3) Vaults:3       Tomb (1/3) Crypt:3      Depths (0/5) D:15
Volcano (visited)          WizLab (visited)

Altars:
Cheibriados
Fedhas
Gozag
Hepliaklqana
Kikubaaqudgha
Makhleb
Okawaru
Qazlal
Sif Muna
Trog
Uskayaw
Wu Jian
Xom
Yredelemnul
Zin
Beogh
Jiyva

Shops:
D:5 !   D:7 *   D:15 [   Orc:2 ?}!(   Elf:2 ?*:   Vaults:2 *   Vaults:3 [
Vaults:4 ![[(

Portals:
Pandemonium: Orc:2
Trove: D:15 (give 7 potions of haste)


Innate Abilities, Weirdness & Mutations

You reflexively headbutt those who attack you in melee.
You have a pair of horns on your head.
Armour fits poorly on your strangely shaped body.
Your magical capacity is low. (-10% MP)
Your spells are a little easier to cast, but a little less powerful.


Message History

The Ice Fiend claws you! The Ice Fiend freezes you!!! The Ice Fiend claws you.
The Ice Fiend freezes you!!!
* * * LOW HITPOINT WARNING * * *
You slice the Ice Fiend!!
The Ice Fiend is heavily wounded.
You are engulfed in dark miasma.
You feel as though you will be slow longer.
* * * LOW HITPOINT WARNING * * *
You feel sick.
The skeletal warrior throws a stone.
You reflect the stone off your +2 kite shield of reflection!
The stone hits the skeletal warrior but does no damage.
The Ice Fiend calls on the powers of darkness!
Your body is wracked with pain!
* * * LOW HITPOINT WARNING * * *
You feel much better.
You feel sick. You block the Ice Fiend's attack. The Ice Fiend claws you.
* * * LOW HITPOINT WARNING * * *
The Ice Fiend freezes you!!!
You die...
Your body crumbles into a pile of gold.

#..... #... #....######
#...
.^..#######.^..##./.##
#...
#...............#^....#
#...
#...............#^^#..#
#...
#....^.....^8...#.....#
#...
#...^......($...##...# #$
#...
#...........z.°$###$###..#
#...
...............@1M...M..#
#...
#..$..^.##############
#... ##'''''## #...
#.......# #... #.8.$$8.#
#... #....$..# #...
#....$..# #... #.8...8.#
#... #.......# #...


You could see an Ice Fiend, a skeletal warrior, an ushabti and 2 mummies.

Vanquished Creatures
  An ancient lich (Crypt:3)
  Sojobo (Vaults:2)
  2 greater mummies (Tomb:1)
  Margery (Crypt:1)
  Bai Suzhen (Spider:3)
  The ghost of Hali the Executioner, a veteran FoFi of Dithmenos (Crypt:3)
  The ghost of Heg Cuhi the Slayer, an adept MiFi of Okawaru (Elf:1)
  3 bone dragons
  A golden dragon (Vaults:5)
  Arachne (Spider:3)
  A Cloud Mage (WizLab)
  A shard shrike zombie (Crypt:3)
  Jorgrun (D:13)
  Asterion (Spider:3)
  2 tentacled monstrosities (Vaults:5)
  5 titans
  The ghost of Yloucecuu the Ninja, a veteran SpEn of Dithmenos (Vaults:2)
  A deep elf blademaster (Elf:3)
  2 liches (Crypt:3)
  9 sphinxes
  2 deep elf master archers (Crypt:3)
  A quicksilver dragon (Abyss:3)
  7 ancient champions (Crypt:3)
  5 tentacled starspawn (Abyss:3)
  A kraken (Shoals:2)
  Agnes (D:15)
  5 tengu reavers
  3 shadow dragons (Vaults:5)
  2 storm dragons (Vaults:5)
  Roxanne (Shoals:1)
  4 fire giants
  The ghost of Witt the Fighter, an adept GrFi of Ashenzari (Shoals:3)
  Ilsuiw (Shoals:2)
  4 revenants
  A draconian monk (Abyss:3)
  7 deep elf sorcerers
  An iron dragon (Vaults:5)
  17 vault wardens
  3 frost giants
  A balrug (Abyss:3)
  Louise (Shoals:2)
  2 deep elf elementalists
  2 emperor scorpions (Spider:4)
  8 ghost moths
  Aizul (Shoals:2)
  A curse skull (Crypt:2)
  16 ironheart preservers
  3 very ugly things
  2 war gargoyles (Vaults:5)
  9 ghouls
  17 stone giants
  5 vampire knights
  A deep elf demonologist (Elf:3)
  A bennu (Tomb:1)
  2 entropy weavers
  16 deep elf annihilators
  2 dire elephants (Lair:6)
  9 spark wasps
  5 blizzard demons (WizLab)
  6 deep elf death magi
  5 eidola
  The ghost of Pestilence the Protected, a journeyman GnFi of Ashenzari (Lair:1)
  7 ettins
  5 mummy priests (Tomb:1)
  Josephine (Shoals:1)
  3 merfolk javelineers
  8 yaktaur captains
  8 jiangshi (Crypt:1)
  6 deep elf high priests
  A fire dragon (D:15)
  16 merfolk impalers
  5 great orbs of eyes
  12 ogre magi
  34 vault guards
  5 ice dragons
  6 rakshasas
  14 hydras
  Harold (D:8)
  A naga warrior (Crypt:3)
  3 ghost crabs (WizLab)
  4 merfolk avatars
  3 spriggan air magi (WizLab)
  6 death knights
  An anaconda (shapeshifter) (Vaults:5)
  5 boulder beetles
  11 centaur warriors
  An anaconda (Lair:6)
  6 merfolk aquamancers (Shoals:4)
  13 death yaks
  53 two-headed ogres
  6 satyrs
  2 deep troll shamans
  4 tengu warriors
  A deep troll earth mage (Vaults:5)
  7 vampire magi
  8 orc high priests (Orc:2)
  2 shock serpents (WizLab)
  4 thrashing horrors (Abyss:3)
  2 soul eaters
  2 shadow wraiths
  The ghost of Sun the Martial Artist, a novice DgTm (D:8)
  A titan skeleton (Crypt:3)
  15 deep elf knights
  43 skeletal warriors
  3 wretched stars
  4 sixfirhies (Abyss:3)
  2 sun demons (Abyss:3)
  5 hell knights (Crypt:1)
  17 sea snakes
  A kraken simulacrum (Shoals:4)
  4 death drakes (WizLab)
  2 bog bodies
  5 wizards
  2 spatial maelstroms (Abyss:3)
  A torturous demonspawn (Orc:2)
  4 unseen horrors
  A glowing orange brain (Vaults:3)
  2 unseen horrors (shapeshifter)
  4 flayed ghosts
  2 gelid demonspawn (Orc:2)
  A glowing orange brain (shapeshifter) (Vaults:5)
  17 deep elf archers
  18 deep trolls
  A tengu zombie (Vaults:4)
  23 ironbrand convokers
  10 orc knights
  11 phantasmal warriors
  2 necromancers
  2 anaconda skeletons (Crypt:3)
  A wolf spider zombie (D:14)
  A bunyip skeleton (Crypt:1)
  A golden dragon skeleton (Crypt:3)
  24 harpies
  8 orc sorcerers
  18 ugly things
  60 deep elf magi
  17 manticores
  Pikel (D:7)
  A stone giant zombie (Crypt:2)
  15 orb spiders
  14 fauns
  28 wolf spiders
  A salamander (Lair:3)
  2 worldbinders (Abyss:3)
  12 cyclopes
  An oklob plant (Shoals:3)
  19 merfolk sirens
  A black mamba (shapeshifter) (D:14)
  13 elephants (Lair:6)
  2 frost giant skeletons (Crypt:3)
  9 vault sentinels
  A fire giant skeleton (Crypt:3)
  A guardian serpent (Abyss:3)
  2 moths of wrath
  3 black mambas
  8 water nymphs
  A dire elephant skeleton (Crypt:3)
  6 apocalypse crabs
  A stone giant skeleton (Tomb:1)
  A human skeleton (Vaults:4)
  3 smoke demons (Abyss:3)
  An orange demon (Orc:2)
  A death yak zombie (Crypt:3)
  A gargoyle (D:13)
  17 cane toads
  A red draconian zombie (Crypt:3)
  17 yaktaurs
  An emperor scorpion zombie (Tomb:1)
  A human zombie (Vaults:4)
  2 efreet
  A yaktaur (shapeshifter) (Vaults:1)
  13 demonic crawlers
  9 freezing wraiths
  A kobold demonologist (D:14)
  3 ice devils
  8 guardian mummies
  10 komodo dragons
  A hellwing (Orc:2)
  4 ancient zymes (Abyss:3)
  A pale draconian skeleton (Crypt:1)
  A meliai (shapeshifter) (Vaults:2)
  26 merfolk
  3 red devils (Abyss:3)
  6 trolls
  3 meliai (D:12)
  8 wind drakes
  35 jumping spiders
  3 polar bears
  A hornet (shapeshifter) (Vaults:3)
  5 hornets
  A death drake zombie (Crypt:1)
  A harpy skeleton (Crypt:3)
  5 slime creatures (Vaults:1)
  10 raiju
  10 dream sheep
  A death drake skeleton (Crypt:2)
  13 blink frogs
  A hydra skeleton (Crypt:3)
  2 stone giant simulacra (Vaults:2)
  An iron dragon simulacrum (Abyss:3)
  7 air elementals
  A frost giant simulacrum (Vaults:1)
  9 snapping turtles
  2 ettin skeletons
  2 shadows (D:11)
  15 flying skulls
  59 redbacks
  24 tarantellas
  21 starcursed masses (Abyss:3)
  A spriggan (shapeshifter) (Elf:2)
  11 water elementals
  9 ushabtiu (Tomb:1)
  2 ynoxinuls (Abyss:3)
  2 ice dragon skeletons
  5 basilisks
  A hog (shapeshifter) (Vaults:2)
  19 wraiths
  49 yaks
  3 fire elementals
  A basilisk (shapeshifter) (Vaults:3)
  Eustachio (D:4)
  A chaos spawn (Abyss:3)
  A neqoxec (Abyss:3)
  6 wyverns
  A spatial vortex (Abyss:3)
  2 two-headed ogre zombies (D:11)
  A vampire mosquito (D:13)
  Menkaure (D:7)
  2 wargs
  4 acid dragons
  A glowing shapeshifter zombie (Crypt:2)
  A water nymph zombie (Crypt:3)
  7 large abominations
  A monstrous demonspawn zombie (Crypt:1)
  4 soldier ants
  A faun zombie (Crypt:2)
  Duvessa (D:4)
  A floating eye (shapeshifter) (Vaults:5)
  16 water moccasins
  A water moccasin (shapeshifter) (Vaults:4)
  8 ice beasts
  A sky beast (D:5)
  An elephant zombie (Crypt:3)
  39 orc warriors
  5 black bears
  3 eyes of draining
  5 phantoms
  30 wolves
  30 ogres
  4 necrophages
  An ogre (shapeshifter) (Vaults:2)
  2 snapping turtle skeletons (Crypt:3)
  3 boggarts (Vaults:3)
  17 centaurs
  4 lemures (D:7)
  A dream sheep skeleton (Crypt:1)
  A swamp dragon skeleton (Crypt:2)
  A yaktaur zombie (Crypt:2)
  25 bullfrogs
  A big kobold (D:14)
  Dowan (D:4)
  4 earth elementals
  A water moccasin zombie (D:9)
  A wyvern skeleton (D:11)
  3 scorpions
  A water moccasin skeleton (Crypt:3)
  15 killer bees
  A troll zombie (D:11)
  5 wights (D:12)
  9 howler monkeys
  A troll skeleton (Crypt:1)
  4 electric eels
  A bullfrog zombie (D:5)
  2 quasits
  3 centaur zombies
  7 hounds
  34 orc priests
  Crazy Yiuf (D:2)
  4 jellies
  23 orc wizards
  4 bullfrog skeletons
  7 centaur skeletons
  2 iron imps (Abyss:3)
  4 iguanas
  Terence (D:2)
  11 worker ants
  5 hell rats (Lair:6)
  A killer bee zombie (Crypt:2)
  A bullfrog simulacrum (D:8)
  5 ogre zombies (D:11)
  6 small abominations
  An ogre skeleton (Crypt:1)
  A hound skeleton (D:7)
  24 mummies
  Robin (D:3)
  A worker ant zombie (D:7)
  11 adders
  A steam dragon skeleton (Crypt:1)
  2 shadow imps
  19 white imps
  A worker ant simulacrum (D:8)
  3 ufetubi
  2 oozes
  An adder skeleton (D:4)
  2 adder zombies
  2 worms
  4 dart slugs
  5 leopard geckos
  107 orcs
  2 ball pythons
  6 giant cockroaches
  A gnoll zombie (Crypt:3)
  8 hobgoblins
  17 jackals
  4 quokkas
  A river rat zombie (Crypt:2)
  10 bats
  3 frilled lizards
  A giant cockroach zombie (Crypt:1)
  13 goblins
  2 goblin skeletons (D:11)
  4 goblin zombies (D:11)
  2 hobgoblin zombies (D:11)
  A jackal skeleton (D:5)
  8 kobolds
  A leopard gecko skeleton (D:4)
  A leopard gecko zombie (Crypt:3)
  2 orc skeletons (D:11)
  15 orc zombies (D:11)
  A quokka zombie (D:8)
  4 rats
  A lurking horror (Abyss:3)
  3 plants (Lair:6)
  2 starspawn tentacles (Abyss:3)
  4 tentacles (Shoals:2)
2158 creatures vanquished.

Vanquished Creatures (collateral kills)
  An ancient champion (Tomb:1)
  A bennu (Tomb:1)
2 creatures vanquished.

Vanquished Creatures (others)
  A fire giant (Vaults:3)
  A blizzard demon (WizLab)
  17 dancing weapons (Elf:2)
  An apocalypse crab (WizLab)
  A wind drake (WizLab)
  An ogre (Vaults:5)
  An orc priest (Vaults:5)
  A white imp (Elf:3)
  33 fungi
  A lurking horror (Abyss:3)
  79 plants
  6 starspawn tentacles (Abyss:3)
  16 tentacles
  2 withered plants (Vaults:2)
161 creatures vanquished.

Grand Total: 2321 creatures vanquished

Notes
Turn   | Place    | Note
-------+----------+-------------------------------------------
     0 | D:1      | robertstho the Minotaur Fighter began the quest for the
                  | Orb.
     0 | D:1      | Reached XP level 1. HP: 19/19 MP: 0/0
   138 | D:1      | Reached XP level 2. HP: 27/27 MP: 1/1
   328 | D:1      | Reached skill level 4 in Fighting
   701 | D:2      | Reached XP level 3. HP: 33/33 MP: 2/2
   799 | D:2      | Found a shimmering altar of Xom.
   805 | D:2      | Found a shimmering altar of Xom.
   805 | D:2      | Found a shimmering altar of Xom.
   806 | D:2      | Found a shimmering altar of Xom.
   806 | D:2      | Found a shimmering altar of Xom.
   849 | D:2      | Found a bloodstained altar of Trog.
  1116 | D:2      | Found a burning altar of Makhleb.
  1117 | D:2      | Found an opulent altar of Gozag.
  1141 | D:2      | Noticed Terence
  1146 | D:2      | Killed Terence
  1147 | D:2      | Reached skill level 5 in Armour
  1147 | D:2      | Reached XP level 4. HP: 40/40 MP: 3/3
  1158 | D:2      | Became a worshipper of Gozag Ym Sagoz the Greedy
  1243 | D:2      | Found a runed translucent door.
  1244 | D:2      | Noticed Crazy Yiuf
  1494 | D:2      | Killed Crazy Yiuf
  1583 | D:3      | Reached XP level 5. HP: 44/46 MP: 4/4
  1583 | D:3      | Noticed Robin
  1683 | D:3      | Killed Robin
  2218 | D:4      | Noticed a phantom
  2244 | D:4      | Killed a phantom
  2245 | D:4      | Reached XP level 6. HP: 16/55 MP: 5/5
  2494 | D:4      | Reached skill level 5 in Axes
  2520 | D:4      | Reached skill level 5 in Fighting
  2661 | D:4      | Reached XP level 7. HP: 35/61 MP: 6/6
  2870 | D:4      | Found a shimmering altar of Xom.
  2962 | D:4      | Reached skill level 5 in Shields
  3126 | D:4      | Reached skill level 1 in Dodging
  3150 | D:4      | Found an ornate altar of the Wu Jian Council.
  3150 | D:4      | Noticed Eustachio
  3153 | D:4      | Noticed Dowan
  3153 | D:4      | Noticed Duvessa
  3163 | D:4      | Killed Duvessa
  3164 | D:4      | Reached skill level 1 in Stealth
  3166 | D:4      | Killed Dowan
  3190 | D:4      | Got a buzzing war axe
  3190 | D:4      | Identified the +4 war axe "Dihebliage" {vorpal, *Rage rPois
                  | rF+ Dex+5} (You found it on level 4 of the Dungeon)
  3201 | D:4      | Killed Eustachio
  3543 | D:4      | Reached skill level 6 in Fighting
  3543 | D:4      | Reached XP level 8. HP: 70/70 MP: 7/7
  3772 | D:5      | Entered Level 5 of the Dungeon
  4129 | D:5      | Found Asic's Distillery.
  4134 | D:5      | Bought a potion of flight for 36 gold pieces
  4134 | D:5      | Bought a potion of mutation for 96 gold pieces
  4134 | D:5      | Bought a potion of attraction for 36 gold pieces
  4134 | D:5      | Bought a potion of lignification for 36 gold pieces
  4574 | D:5      | Found a glowing silver altar of Zin.
  4575 | D:5      | Noticed an angel
  4778 | D:6      | Reached XP level 9. HP: 78/78 MP: 8/8
  4792 | D:6      | Found a bloodstained altar of Trog.
  4873 | D:6      | Reached skill level 7 in Fighting
  5601 | D:7      | Noticed Pikel
  5615 | D:7      | Killed Pikel
  5821 | D:7      | Found an ancient bone altar of Kikubaaqudgha.
  5904 | D:7      | Found a staircase to the Ecumenical Temple.
  6184 | D:7      | Noticed Menkaure
  6190 | D:7      | Killed Menkaure
  6191 | D:7      | Reached skill level 10 in Axes
  6289 | D:7      | Found a blossoming altar of Fedhas.
  6451 | D:7      | Bought the ring of Noiz {rPois Str-5 Slay+3 SInv} for 367
                  | gold pieces
  6451 | D:7      | Bought a scroll of remove curse for 39 gold pieces
  6451 | D:7      | Bought a scroll of identify for 26 gold pieces
  6532 | D:8      | Reached skill level 8 in Fighting
  6630 | D:8      | Noticed a death yak
  6970 | D:8      | Reached XP level 10. HP: 90/90 MP: 9/9
  6980 | D:8      | Killed a death yak
  7246 | D:8      | Noticed Harold
  7257 | D:8      | Killed Harold
  7258 | D:8      | Reached skill level 9 in Fighting
  7503 | D:8      | Found a runed translucent gate.
  7503 | D:8      | Found a runed translucent gate.
  7503 | D:8      | Found a runed translucent gate.
  7707 | D:8      | Reached skill level 10 in Armour
  7815 | D:8      | Noticed Sun's ghost (novice DgTm)
  7906 | D:8      | Killed Sun's ghost
  8039 | D:9      | Found a snail-covered altar of Cheibriados.
  8104 | D:9      | Noticed a two-headed ogre
  8110 | D:9      | Killed a two-headed ogre
  8111 | D:9      | Reached XP level 11. HP: 99/99 MP: 10/10
  8140 | D:9      | Reached skill level 10 in Fighting
  8436 | D:9      | Found a shimmering blue altar of Sif Muna.
  8440 | D:9      | Found a hide-covered altar of Uskayaw.
  8586 | D:9      | Found a hazy altar of Hepliaklqana.
  8612 | D:10     | Entered Level 10 of the Dungeon
  8695 | D:10     | Found a staircase to the Lair.
  9494 | D:11     | Noticed a red ugly thing
  9498 | D:11     | Found a staircase to the Orcish Mines.
  9503 | D:11     | Killed a red ugly thing
  9510 | D:11     | Reached skill level 11 in Fighting
  9650 | D:11     | Noticed a brown ugly thing
  9657 | D:11     | Killed a brown ugly thing
  9769 | D:11     | Noticed a two-headed ogre
  9774 | D:11     | Killed a two-headed ogre
  9940 | D:11     | Noticed a boulder beetle
  9955 | D:11     | Killed a boulder beetle
  9970 | D:11     | Reached XP level 12. HP: 79/112 MP: 11/11
 10201 | D:11     | Reached skill level 12 in Fighting
 10630 | D:11     | Got a smoking brass amulet
 10875 | D:12     | Noticed a two-headed ogre
 10880 | D:12     | Killed a two-headed ogre
 10894 | D:12     | Identified the amulet "Qytsock" {Spirit rF+ rN+ Dex+2
                  | Slay+3} (You found it on level 11 of the Dungeon)
 11737 | D:13     | Noticed a two-headed ogre
 11742 | D:13     | Killed a two-headed ogre
 11851 | D:13     | Reached skill level 13 in Fighting
 12194 | D:13     | Noticed Jorgrun
 12210 | D:13     | Killed Jorgrun
 12225 | D:13     | Noticed a two-headed ogre
 12235 | D:13     | Killed a two-headed ogre
 12237 | D:13     | Reached XP level 13. HP: 40/122 MP: 4/12
 12238 | D:13     | Noticed an ironheart preserver
 12252 | D:13     | Killed an ironheart preserver
 12253 | D:13     | Found a gate to the Vaults.
 13132 | D:14     | Reached skill level 14 in Fighting
 13143 | D:14     | Reached skill level 15 in Axes
 13191 | D:14     | Reached skill level 10 in Shields
 13922 | D:14     | Found an opulent altar of Gozag.
 14141 | D:15     | Entered Level 15 of the Dungeon
 14238 | D:15     | Noticed a fire dragon
 14245 | D:15     | Killed a fire dragon
 14258 | D:15     | Found a staircase to the Depths.
 14515 | D:15     | Reached skill level 15 in Fighting
 14749 | D:15     | Noticed Agnes
 14755 | D:15     | Killed Agnes
 14756 | D:15     | Reached XP level 14. HP: 92/135 MP: 8/13
 15119 | D:15     | Found a portal to a secret trove of treasure.
 15427 | D:15     | Reached skill level 15 in Armour
 15741 | D:15     | Bought a smoking chain mail for 266 gold pieces
 15741 | D:15     | Bought a scorched cloak for 266 gold pieces
 15751 | D:15     | Identified the cursed +0 cloak of Ojenujuk {+Blink rN+
                  | Dex-3 Slay+3} (You bought it in a shop on level 15 of the
                  | Dungeon)
 15761 | D:15     | Identified the +6 chain mail of the Orb {rN+} (You bought
                  | it in a shop on level 15 of the Dungeon)
 15762 | D:15     | Bought a runed kite shield for 210 gold pieces
 15773 | D:15     | Bought a glowing plate armour for 728 gold pieces
 15773 | D:15     | Bought a shiny plate armour for 728 gold pieces
 15852 | D:14     | Identified a scroll of acquirement
 15853 | D:14     | Acquired the +10 broad axe of Saltpetre {freeze, Dex+3
                  | Stlth+}
 15959 | Lair:1   | Entered Level 1 of the Lair of Beasts
 16176 | Lair:1   | Found a large runed translucent door.
 16176 | Lair:1   | Found a large runed translucent door.
 16177 | Lair:1   | Noticed Pestilence's ghost (journeyman GnFi)
 16321 | Lair:1   | Reached skill level 16 in Fighting
 16932 | Lair:1   | Killed Pestilence's ghost
 17322 | Lair:2   | Found a hole to the Spider Nest.
 18333 | Lair:3   | Got a wavering silver ring
 18466 | Lair:3   | Found a staircase to the Shoals.
 19695 | Lair:4   | Identified the ring of Tadacraa {*Corrode *Slow rPois
                  | Int+10 Dex+6} (You found it on level 3 of the Lair of
                  | Beasts)
 19794 | Lair:5   | Reached XP level 15. HP: 145/145 MP: 14/14
 19913 | Lair:5   | Found a dark tunnel.
 19921 | Volcano  | Entered a volcano
 20716 | Lair:5   | Found a viscous altar of Jiyva.
 20717 | Lair:5   | Found a staircase to the Slime Pits.
 20811 | Lair:6   | Entered Level 6 of the Lair of Beasts
 20816 | Lair:6   | Reached skill level 17 in Fighting
 22260 | Lair:6   | Acquired a +1 hat
 22736 | Spider:1 | Entered Level 1 of the Spider Nest
 22827 | Spider:1 | Reached XP level 16. HP: 155/157 MP: 15/15
 22973 | Spider:1 | Reached skill level 18 in Fighting
 25182 | Spider:3 | Noticed Arachne
 25187 | Spider:3 | Noticed Asterion
 25198 | Spider:3 | Noticed Bai Suzhen
 25208 | Spider:3 | Killed Arachne
 25209 | Spider:3 | Killed Asterion
 25730 | Spider:3 | Killed Bai Suzhen
 26818 | Spider:4 | Entered Level 4 of the Spider Nest
 27040 | Spider:4 | Reached skill level 1 in Evocations
 27637 | Spider:4 | Reached skill level 19 in Fighting
 27824 | Spider:4 | Reached XP level 17. HP: 161/168 MP: 16/16
 28165 | Spider:4 | Got a gossamer rune of Zot
 28454 | Shoals:1 | Entered Level 1 of the Shoals
 28579 | Shoals:1 | Noticed Josephine
 28590 | Shoals:1 | Killed Josephine
 29027 | Shoals:1 | Got a smoking battleaxe
 29057 | Shoals:1 | Noticed Roxanne
 29075 | Shoals:1 | Killed Roxanne
 29575 | Shoals:1 | Acquired the +3 pair of gauntlets of War {Slay+5}
 29576 | Shoals:1 | Found the +3 pair of gauntlets of War {Slay+5}
 29591 | Shoals:2 | Noticed Louise
 29602 | Shoals:2 | Killed Louise
 29684 | Shoals:2 | Noticed Ilsuiw
 29702 | Shoals:2 | Killed Ilsuiw
 29733 | Shoals:2 | Reached skill level 20 in Fighting
 30200 | Shoals:2 | Noticed Aizul
 30208 | Shoals:2 | Killed Aizul
 30402 | Shoals:2 | Noticed a kraken
 30416 | Shoals:2 | Killed a kraken
 30879 | Shoals:3 | Noticed Witt's ghost (adept GrFi)
 30898 | Shoals:3 | Found a runed translucent gate.
 30898 | Shoals:3 | Found a runed translucent gate.
 30898 | Shoals:3 | Found a runed translucent gate.
 31086 | Shoals:3 | Found a stormy altar of Qazlal.
 31099 | Shoals:3 | Reached XP level 18. HP: 132/179 MP: 12/17
 31342 | Shoals:3 | Reached skill level 5 in Stealth
 31926 | Shoals:3 | Identified the +11 battleaxe of Prudence {freeze, rC+ Str+2
                  | Stlth+} (You found it on level 1 of the Shoals)
 31939 | Shoals:4 | Entered Level 4 of the Shoals
 33130 | Shoals:4 | Reached skill level 21 in Fighting
 33130 | Shoals:4 | Identified the +2 quarterstaff of the Leaping Priest
                  | {antimagic, rC+ MR+ Int+5 Dex-5}
 33184 | Shoals:4 | Reached skill level 15 in Shields
 33186 | Shoals:4 | Reached skill level 5 in Dodging
 33430 | Shoals:4 | Got a barnacled rune of Zot
 33884 | Orc:1    | Entered Level 1 of the Orcish Mines
 33897 | Orc:1    | Paralysed by an orc sorcerer for 7 turns
 34076 | Orc:2    | Entered Level 2 of the Orcish Mines
 34076 | Orc:2    | Found a staircase to the Elven Halls.
 34135 | Orc:2    | Found a roughly hewn altar of Beogh.
 34242 | Orc:2    | Found Liybasiu's Distillery.
 34246 | Orc:2    | Found Vatojur's Magic Scroll Shop.
 34387 | Orc:2    | Bought a scroll of teleportation for 33 gold pieces
 34387 | Orc:2    | Bought a scroll of fear for 38 gold pieces
 34387 | Orc:2    | Bought a scroll of identify for 22 gold pieces
 34387 | Orc:2    | Bought a scroll of identify for 22 gold pieces
 34387 | Orc:2    | Bought a scroll of teleportation for 33 gold pieces
 34387 | Orc:2    | Bought a scroll of fog for 22 gold pieces
 34387 | Orc:2    | Bought a scroll of magic mapping for 38 gold pieces
 34401 | Orc:2    | Bought a potion of curing for 39 gold pieces
 34401 | Orc:2    | Bought a potion of curing for 39 gold pieces
 34401 | Orc:2    | Bought a potion of haste for 130 gold pieces
 34401 | Orc:2    | Bought 2 potions of heal wounds for 130 gold pieces
 34401 | Orc:2    | Bought a potion of curing for 39 gold pieces
 34401 | Orc:2    | Bought a potion of might for 52 gold pieces
 34401 | Orc:2    | Bought a potion of heal wounds for 65 gold pieces
 34493 | Orc:2    | Found Isocaj's Gadget Shoppe.
 34493 | Orc:2    | Found Vysuz's Antique Weapon Emporium.
 34494 | Orc:2    | Found a one-way gate leading to the halls of Pandemonium.
 35967 | Shoals:3 | Killed Witt's ghost
 35996 | Shoals:3 | Got a pair of heavily runed boots
 36006 | Shoals:3 | Identified the +0 pair of boots of the Crypt {*Slow Regen+
                  | Dex+3} (You found it on level 3 of the Shoals)
 36222 | Elf:1    | Entered Level 1 of the Elven Halls
 36361 | Elf:1    | Reached XP level 19. HP: 189/191 MP: 18/18
 36373 | Elf:1    | Found a runed translucent gate.
 36380 | Elf:1    | Found a runed translucent gate.
 36382 | Elf:1    | Found a runed translucent gate.
 36382 | Elf:1    | Noticed Heg Cuhi's ghost (adept MiFi)
 37065 | Elf:1    | Reached skill level 22 in Fighting
 37082 | Elf:1    | Gained mutation: Your spells are a little easier to cast,
                  | but a little less powerful. [mutagenic glow]
 37092 | Elf:1    | Killed Heg Cuhi's ghost
 37101 | Elf:1    | Gained mutation: Your magical capacity is low. (-10% MP)
                  | [mutagenic glow]
 37120 | Elf:1    | Gained mutation: Armour fits poorly on your strangely
                  | shaped body. [mutagenic glow]
 37137 | Elf:1    | Got a pair of faintly glowing boots
 37147 | Elf:1    | Identified the +1 pair of boots "Qaxu" {Regen+ Dex+5} (You
                  | found it on level 1 of the Elven Halls)
 37737 | Elf:2    | Found Wuenaub's Magic Scroll Boutique.
 37763 | Elf:2    | Found Pynwett's Assorted Antiques.
 37770 | Elf:2    | Found Sope's Book Emporium.
 37795 | Elf:2    | Bought a scroll of identify for 40 gold pieces
 37795 | Elf:2    | Bought a scroll of blinking for 150 gold pieces
 37795 | Elf:2    | Bought a scroll of identify for 40 gold pieces
 37795 | Elf:2    | Bought a scroll of identify for 40 gold pieces
 37795 | Elf:2    | Bought a scroll of teleportation for 60 gold pieces
 37795 | Elf:2    | Bought a scroll of teleportation for 60 gold pieces
 37795 | Elf:2    | Bought a scroll of holy word for 150 gold pieces
 37795 | Elf:2    | Bought a scroll of torment for 150 gold pieces
 37853 | Elf:2    | Found a huge runed translucent gate.
 37853 | Elf:2    | Found a huge runed translucent gate.
 37867 | Elf:2    | Found a huge runed translucent gate.
 37867 | Elf:2    | Found a huge runed translucent gate.
 37867 | Elf:2    | Found a huge runed translucent gate.
 38617 | Elf:3    | Entered Level 3 of the Elven Halls
 38982 | Elf:3    | Cast into level 3 of the Abyss (a deep elf sorcerer)
 39222 | Abyss:3  | Reached skill level 23 in Fighting
 39303 | Abyss:3  | Paralysed by accursed screaming for 1 turns
 39316 | Abyss:3  | Reached XP level 20. HP: 160/203 MP: 1/17
 39433 | Abyss:3  | Got an abyssal rune of Zot
 39615 | Elf:3    | Escaped the Abyss
 39651 | Elf:3    | Cast into level 2 of the Abyss (a deep elf sorcerer)
 39814 | Elf:3    | Escaped the Abyss
 39829 | Elf:3    | Identified the +2 scimitar of the Shouting Oracle {venom,
                  | rC- Str+4 SInv}
 39853 | Elf:3    | Identified the ring "Zuesi" {rPois MR+ Str-5 Stlth+}
 39861 | Elf:3    | Cast into level 3 of the Abyss (a deep elf sorcerer)
 39919 | Abyss:3  | Noticed a bone dragon
 39928 | Abyss:3  | Killed a bone dragon
 40194 | Elf:3    | Escaped the Abyss
 40444 | Elf:3    | Identified the amulet "Johy Ora" {Reflect +Fly rC- Int-2
                  | SH+5 Stlth+}
 40485 | Elf:3    | Identified the +8 rapier of Demonkind {vorpal, MP+9}
 40513 | Elf:3    | Identified Hijor's Compendium of the Flamy Snowflakes
 40549 | Elf:3    | Identified the Incunabulum of Evil Secrets and Poisoning
 40593 | Elf:3    | Found the amulet of the Air {Inacc +Fly rElec EV+5 RMsl}
 40610 | Elf:3    | Identified the cursed +0 pair of gloves of Old and Reckless
                  | {rElec rN+} (You found it on level 3 of the Elven Halls)
 40926 | Elf:3    | Identified the +1 robe of Cocytus {*Contam rElec MR++
                  | Regen+}
 41400 | Vaults:1 | Entered Level 1 of the Vaults
 41559 | Vaults:1 | Reached skill level 24 in Fighting
 41619 | Vaults:1 | Found a magical portal.
 41645 | WizLab   | Entered The Chambers of the Cloud Mage
 42083 | WizLab   | Reached XP level 21. HP: 87/213 MP: 17/17
 42266 | WizLab   | Identified the Incunabulum of Flight
 43582 | Vaults:2 | Found Umnuaq's General Store.
 43780 | Vaults:2 | Found a runed translucent door.
 43780 | Vaults:2 | Noticed Yloucecuu's ghost (veteran SpEn)
 43878 | Vaults:2 | Noticed Sojobo
 43938 | Vaults:2 | Killed Sojobo
 44660 | Vaults:2 | Reached skill level 25 in Fighting
 44810 | Vaults:2 | Killed Yloucecuu's ghost
 45759 | Vaults:3 | Found a staircase to the Crypt.
 46203 | Vaults:3 | Found Ikurchav's Armour Emporium.
 46328 | Vaults:3 | Reached XP level 22. HP: 199/225 MP: 18/18
 46850 | Vaults:4 | Found Ohon's Distillery.
 46883 | Vaults:4 | Bought a potion of curing for 60 gold pieces
 46883 | Vaults:4 | Bought a potion of invisibility for 160 gold pieces
 46883 | Vaults:4 | Bought a potion of might for 80 gold pieces
 46883 | Vaults:4 | Bought a potion of heal wounds for 100 gold pieces
 46883 | Vaults:4 | Bought a potion of curing for 60 gold pieces
 46883 | Vaults:4 | Bought a potion of curing for 60 gold pieces
 46883 | Vaults:4 | Bought a potion of curing for 60 gold pieces
 46883 | Vaults:4 | Bought a potion of curing for 60 gold pieces
 46883 | Vaults:4 | Bought a potion of resistance for 200 gold pieces
 47258 | Vaults:4 | Reached skill level 26 in Fighting
 47389 | Vaults:4 | Found Gozag's Antique Weapon Shoppe.
 47402 | Vaults:4 | Found Gozag's Antique Armour Emporium.
 47438 | Vaults:4 | Found an opulent altar of Gozag.
 47438 | Vaults:4 | Found Gozag's Antique Armour Emporium.
 47890 | Vaults:5 | Entered Level 5 of the Vaults
 48530 | Vaults:5 | Reached XP level 23. HP: 237/237 MP: 19/19
 48611 | Vaults:5 | Reached skill level 27 in Fighting
 48850 | Vaults:5 | Found the cursed necklace of Bloodlust {*Rage +Rage MR++
                  | Int-3 Slay+6 *Curse}
 48892 | Vaults:5 | Got a silver rune of Zot
 49187 | Vaults:5 | Identified the cursed +1 lajatang of the Skies Above {pain,
                  | Stlth+}
 49188 | Vaults:5 | Identified the +1 robe of the Tarantula {rF+ Int+4 SInv}
 49770 | Vaults:5 | Identified the +0 war axe of Symmetry {elec, Int+4} (You
                  | found it on level 5 of the Vaults)
 50091 | Vaults:5 | Upgraded the game from 0.26-a0-854-gdc81c2f471 to
                  | 0.26-a0-858-gbf766624f9
 50234 | Crypt:1  | Entered Level 1 of the Crypt
 50519 | Crypt:1  | Paralysed by a vampire knight for 2 turns
 50574 | Crypt:1  | Noticed Margery
 50595 | Crypt:1  | Killed Margery
 50777 | Crypt:1  | Paralysed by a vampire knight for 3 turns
 51482 | Crypt:2  | Found an ancient bone altar of Kikubaaqudgha.
 51580 | Crypt:2  | Reached XP level 24. HP: 81/249 MP: 19/19
 52259 | Crypt:3  | Entered Level 3 of the Crypt
 52412 | Crypt:3  | Acquired 884 gold pieces
 53199 | Crypt:3  | Found a staircase to the Tomb.
 53531 | Crypt:3  | Found a basalt altar of Yredelemnul.
 53565 | Crypt:3  | Noticed an ancient lich
 53583 | Crypt:3  | Killed an ancient lich
 53709 | Crypt:3  | Identified the Volume of the Seventy-Seven Wonders
 53882 | Crypt:3  | Found a runed translucent gate.
 53882 | Crypt:3  | Found a runed translucent gate.
 53883 | Crypt:3  | Noticed Hali's ghost (veteran FoFi)
 53883 | Crypt:3  | Identified the cursed +2 triple sword of Ezuablamp {venom,
                  | rC+ Str+2}
 53884 | Crypt:3  | Found a runed translucent gate.
 53888 | Crypt:3  | Found an iron altar of Okawaru.
 54575 | Crypt:3  | Killed Hali's ghost
 54821 | Tomb:1   | Entered Level 1 of the Tomb of the Ancients
 55161 | Tomb:1   | Noticed a greater mummy
 55173 | Tomb:1   | Killed a greater mummy
 55530 | Tomb:1   | Reached XP level 25. HP: 60/257 MP: 2/19
 55911 | Tomb:1   | Noticed a greater mummy
 55929 | Tomb:1   | Killed a greater mummy
 55956 | Tomb:1   | Mangled by an Ice Fiend

Illustrated notes

Levels and vault maps discovered:
D:1:      dpeg_arrival_short_road, layout_basic
D:2:      layout_loops_ring, old_standard_altar,
          gammafunk_temple_overflow_pools, xom_redecorated,
          uniq_crazy_yiuf_cottage, uniq_terence
D:3:      layout_basic, uniq_robin
D:4:      cheibrodos_barr_body, layout_basic, nicolae_overflow_crystal_walls,
          old_standard_altar, hangedman_decor_riveting, uniq_duvessa,
          uniq_eustachio
D:5:      layout_basic, zin_angel, serial_shops, shop
D:6:      layout_cave_pods, basic_altar, minmay_misc_feat_columns
D:7:      layout_basic, kennysheep_mini_moat, kiku_gazebo_pond_becter,
          minmay_temple_entry_proselytizer, uniq_pikel, uniq_menkaure
D:8:      layout_gridville, serial_ice, serial_ice_g, serial_ice_o,
          serial_ice_f, serial_ice_k, gammafunk_ghost_spectres, uniq_harold
D:9:      layout_loops_ring, cheibriados_altar_1, general_overflow_altar,
          overflow_temple_1_default, nicolae_overflow_hidden_temple
D:10:     layout_irregular_city, david_lair_generic
D:11:     layout_rooms, zombieorc2_lemuel, minmay_between
D:12:     layout_long_grid
D:13:     layout_cave_pods, skrybe_vaults_entry_preservation, st_stairs_13,
          uniq_jorgrun
D:14:     layout_cave_pools, basic_altar, roderic_lattice_a
D:15:     grunt_enter_depths_hoard, layout_irregular_city,
          portal_ice_cave_entry_imps, hangedman_abyss_or_decor_passed,
          nicolae_trove_entry_diagonal, serial_bayou_crossing, uniq_agnes
Lair:1:   layout_cave_shapes, ebering_ghost_disaster_area, serial_bayou,
          serial_bayou_ford_a, serial_bayou_lagoon_a, serial_bayou_shore_b,
          serial_bayou_pond_d, serial_bayou_pond_b, beast_lair_carwin_1
Lair:2:   layout_cave_pods, spider_nest_entry_rubble, lemuel_fruit_tree
Lair:3:   layout_gridlike, minmay_shoals_entry_beasts, grunt_megastairs_5,
          infiniplex_staircase_pool
Lair:4:   layout_cave_pods, grunt_megastairs_2
Lair:5:   layout_gridlike, dpeg_slime_entry_enclosed_altar,
          lightli_volcano_entry_magma_tube, serial_bayou, serial_bayou_shore_b,
          serial_bayou_pond_b, serial_bayou_pond_a, serial_bayou_lagoon_b
Lair:6:   due_jungle_book, layout_hall_layers, grunt_megastairs_4
Shoals:1: layout_shoals, uniq_roxanne, uniq_josephine
Shoals:2: layout_shoals, uniq_ilsuiw, uniq_louise, uniq_aizul
Shoals:3: layout_shoals, gammafunk_ghost_split, lemuel_oklob_altar
Shoals:4: shoals_end_grunt_ice, layout_shoals, nicolae_shoals_isolated_beach
Spider:1: cheibrodos_forgotten_conduit, nicolae_spider_webs_and_nodes
Spider:2: layout_spider_delve
Spider:3: layout_spider_delve, uniq_asterion, uniq_arachne, uniq_bai_suzhen
Spider:4: grunt_spider_rune_parallel, spiders_nest_the_unseen
Orc:1:    layout_caves
Orc:2:    pf_orc_diabolical, layout_diamond_mine, basic_altar, mines_bat_river
Elf:1:    elf_arrival_001, layout_geoelf_octagon, gammafunk_ghost_tricky_traps,
          hangedman_elf_represent, corexii_hall_statues_l, minmay_crystal_room,
          minivault_25
Elf:2:    layout_onion_city, serial_glass, glass_columns_a, glass_columns_a,
          glass_columns_a, glass_columns_a, glass_columns_a, glass_columns_b,
          serial_shops, nicolae_shop_window_shopping, minmay_shoptagon
Elf:3:    minmay_elf_hall_x, layout_geoelf_castle
Vaults:1: hangedman_vaults_cutoff, v_alt_pattern_6, ontoclasm_vaults_gateway,
          nicolae_vaults_little_squares_6, vaults_mumra_minichess, v_misc_8,
          v_misc_25, nicolae_vaults_network_periphery, vaults_dpeg_ring,
          nicolae_vaults_asterisk, ontoclasm_vaults_pinch,
          layout_vaults_omnigrid, lightli_enter_wizlab_magi_temple
Vaults:2: gammafunk_vaults_ghost_grave, v_alt_pattern_1,
          nicolae_vaults_little_squares_5, v_misc_17, v_alt_pattern_5,
          ontoclasm_vaults_fault, v_misc_9, hangedman_vaults_slice,
          layout_vaults_chaotic_city, serial_shops, shop, uniq_sojobo
Vaults:3: minmay_crypt_entry_simple_walls, nicolae_vaults_yaktaur_gun_rack,
          grunt_vaults_hallway_long, dpeg_vaults_monster_row,
          nicolae_vaults_little_squares_3, nicolae_vaults_meeting,
          vaults_room_fours, ontoclasm_vaults_spin, v_misc_30,
          vaults_standard_mumra_lines, v_misc_16, grunt_vaults_focal,
          ontoclasm_vaults_ring_large, nicolae_vaults_circle_grid_b,
          nicolae_vaults_little_squares_6, vaults_room_pools,
          vaults_room_semicircle, nicolae_vaults_little_ls,
          layout_vaults_big_cross, serial_shops, shop
Vaults:4: nicolae_vaults_little_squares_2, v_misc_24,
          nicolae_vaults_sealed_display, kennysheep_vaults_gozag_temple,
          ontoclasm_vaults_twist, nicolae_vaults_big_ls,
          ontoclasm_vaults_ring_square, vaults_dpeg_encased_lava, v_misc_29,
          nicolae_vaults_mini_display_case, v_rooms_6, v_misc_30,
          nicolae_vaults_specimen_jars, layout_vaults_omnibox, serial_shops,
          nicolae_shop_trees
Vaults:5: serial_shops
Crypt:1:  layout_misc_corridors, uniq_margery
Crypt:2:  layout_gridlike, basic_altar, palyth_stone_intersect, st_stairs_2
Crypt:3:  church_of_pain_bobbens, layout_chaotic_city,
          nicolae_tomb_entry_unfolded_pyramid_orthogonal,
          gammafunk_ghost_fury_of_okawaru, minivault_5
Tomb:1

Skill      XL: |  1  2  3  4  5  6  7  8  9 10 11 12 13 14 15 16 17 18 19 20 21 22 23 24 |
---------------+-------------------------------------------------------------------------+-----
Fighting       | 4 5 6 8 9 11 13 15 16 17 19 20 21 23 24 25 26 27 | 27.0
Armour         | 4 5 6 8 9 10 12 13 14 15 16 17 18 19 20 21 22 23 | 23.5
Shields        | 4 5 6 7 8 9 10 11 12 13 14 15 16 17 18 20 21 | 21.7
Axes           | 3 4 5 6 8 10 12 13 14 15 17 18 19 20 21 22 23 24 26 | 26.1
Dodging        | 2 3 4 5 6 |  6.1
Stealth        | 1 2 3 4 5 6 7 |  7.4
Evocations     | 1 |  1.1

Action                   |  1- 3 |  4- 6 |  7- 9 | 10-12 | 13-15 | 16-18 | 19-21 | 22-24 | 25-27 || total
-------------------------+-------+-------+-------+-------+-------+-------+-------+-------+-------++-------
Melee: War axe           |    64 |   137 |   249 |   408 |   231 |       |       |       |       ||  1089
       Headbutt          |     9 |    20 |    63 |    84 |   152 |   207 |   222 |   366 |    14 ||  1137
       Broad axe         |       |       |       |       |   416 |  1089 |   962 |  1196 |    39 ||  3702
Invok: Potion Petition   |       |       |     1 |     1 |       |     3 |     2 |       |       ||     7
       Call Merchant     |       |       |     1 |       |     1 |       |       |       |       ||     2
Evoke: Wand              |       |       |     1 |       |     5 |     2 |       |       |       ||     8
       Phantom mirror    |       |       |       |       |       |       |     1 |     1 |       ||     2
       Condenser vane    |       |       |       |       |       |       |       |       |     1 ||     1
  Use: Potion            |       |     1 |     2 |     1 |     3 |     9 |     8 |     9 |     1 ||    34
       Scroll            |       |       |    13 |     5 |    14 |     8 |     7 |     4 |       ||    51
 Stab: Distracted        |       |     3 |     2 |     5 |     6 |    17 |    11 |    10 |     1 ||    55
       Invisible         |       |       |       |       |       |     4 |       |       |       ||     4
       Petrifying        |       |       |       |       |       |       |     2 |       |       ||     2
Armor: Scale mail        |    24 |    58 |    80 |     5 |       |       |       |       |       ||   167
       Plate armour      |       |       |       |   175 |   311 |   535 |   307 |   347 |    11 ||  1686
Dodge: Dodged            |    22 |    41 |    86 |    90 |   142 |   301 |   264 |   367 |     4 ||  1317
       Repelled          |       |       |       |       |       |       |    12 |     4 |       ||    16
Block: Kite shield       |    29 |    84 |   142 |   177 |   375 |   688 |   536 |   721 |    23 ||  2775
       Reflection        |       |       |       |       |       |    59 |    84 |    28 |     3 ||   174

Table legend: (Time is in decaauts)
 A = Elapsed time spent in this place.
 B = Non-inter-level travel time spent in this place.
 C = Inter-level travel time spent in this place.
 D = Time resting spent in this place.
 E = Time spent auto-exploring this place.
 F = Levels seen in this place.
 G = Mean time per level.
                   A        B        C        D        E       F      G
               +--------+--------+--------+--------+--------+-----+--------+
         Total |  58154 |  54111 |   4043 |   2090 |  40368 |  48 | 1211.5 |
       Dungeon |  16713 |  15668 |   1045 |    330 |  12493 |  15 | 1114.2 |
          Lair |   7485 |   6709 |    776 |      0 |   5844 |   6 | 1247.5 |
        Shoals |   6041 |   5690 |    351 |     21 |   4418 |   4 | 1510.2 |
   Spider Nest |   5877 |   5486 |    391 |    864 |   3825 |   4 | 1469.2 |
  Orcish Mines |   2145 |   1788 |    357 |      0 |   1353 |   2 | 1072.5 |
   Elven Halls |   4144 |   3930 |    214 |    144 |   2691 |   3 | 1381.3 |
        Vaults |   8598 |   8011 |    587 |      0 |   6040 |   5 | 1719.6 |
         Crypt |   4075 |   3804 |    271 |      0 |   2882 |   3 | 1358.3 |
          Tomb |   1158 |   1110 |     48 |    344 |    199 |   1 | 1158.0 |
         Abyss |   1107 |   1107 |      0 |    386 |     93 |   3 |  369.0 |
       Volcano |     27 |     27 |      0 |      0 |     20 |   1 |   27.0 |
        Wizlab |    779 |    779 |      0 |      0 |    505 |   1 |  779.0 |
               +--------+--------+--------+--------+--------+-----+--------+

Top non-repeatable levels by time:
Spider:2: 2619 daAuts
Vaults:3: 2075 daAuts
Shoals:4: 1949 daAuts
  Lair:6: 1938 daAuts
Vaults:5: 1924 daAuts
 Crypt:3: 1903 daAuts
Vaults:4: 1706 daAuts
    D:15: 1685 daAuts
    D:11: 1650 daAuts
     D:4: 1607 daAuts
   Elf:3: 1565 daAuts
Vaults:2: 1559 daAuts
   Orc:2: 1552 daAuts
Spider:4: 1511 daAuts
Shoals:2: 1435 daAuts
